 Dungeon Crawl Stone Soup version 0.26.0-7-g794d0892b4 (webtiles) character file.

Game seed: 13769957853292166101

98 lastplaneout the Stinger (level 4, 0/24 HPs)
             Began as a Tengu Venom Mage on Jan 12, 2021.
             Slain by a gnoll
             ... wielding a +0 halberd
              (15 damage)
             ... on level 3 of the Dungeon.
             The game lasted 00:07:39 (3045 turns).

lastplaneout the Stinger (Tengu Venom Mage)         Turns: 3045, Time: 00:07:40

Health: 0/24       AC:  2    Str:  9    XL:     4   Next: 71%
Magic:  1/8        EV: 16    Int: 16    God:
Gold:   117        SH:  0    Dex: 14    Spells: 1/7 levels left

rFire    . . .     SeeInvis .   (no weapon)
rCold    . . .     Faith    +   (no shield)
rNeg     . . .     Spirit   .   a - +0 robe
rPois    .         Reflect  .   (helmet restricted)
rElec    .         Harm     .   (no cloak)
rCorr    .         Rampage  .   (no gloves)
Will     .....                  (boots unavailable)
Stlth    ++........             e - amulet of faith
HPRegen  0.08/turn              i - +4 ring of evasion
MPRegen  0.11/turn              (no ring)

@: very slightly contaminated
A: beak, talons 3
a: no special abilities


You were on level 3 of the Dungeon.
You visited 1 branch of the dungeon, and saw 3 of its levels.

You collected 117 gold pieces.

Inventory:

Armour
 a - a +0 robe (worn)
Jewellery
 e - an amulet of faith (around neck)
 i - a +4 ring of evasion (left hand)
Wands
 j - a wand of polymorph (9)
Scrolls
 k - 3 scrolls of remove curse {unknown}
 l - a scroll of identify {unknown}
Potions
 b - 4 potions of curing {unknown}
 c - a potion of degeneration {unknown}
 d - 2 potions of brilliance {unknown}
 f - 2 potions of lignification {unknown}
 g - 3 potions of might {unknown}
 h - a potion of attraction {unknown}


   Skills:
 - Level 2.1 Dodging
 - Level 2.0 Stealth
 - Level 2.0 Spellcasting
 - Level 0.7 Transmutations
 + Level 5.3 Poison Magic


You had one spell level left.
You knew the following spells:

 Your Spells              Type           Power        Failure   Level
a - Sting                 Tmut/Pois      44%          6%          1
b - Poisonous Vapours     Pois/Air       20%          11%         2
c - Ignite Poison         Fire/Tmut/Pois 8%           26%         3

Your spell library contained the following spells:

 Spells                   Type           Power        Failure   Level
 Olgreb's Toxic Radiance  Pois           18%          24%         4
 Mephitic Cloud           Conj/Pois/Air  7%           30%         3


Dungeon Overview and Level Annotations

Branches:
Dungeon (3/15)

Altars:
Makhleb
Trog


Innate Abilities, Weirdness & Mutations

You have a beak for a mouth.
You have claws for feet.


Message History

Aiming: Sting (safe; 6% risk of failure)
Press: ? - help, Shift-Dir - straight line, f/p - gnoll
Aim: a gnoll, wielding a +0 halberd (moderately wounded, poisoned, 25% to evade)
You miscast Sting.
You are very lightly contaminated with residual magic.
Nothing appears to happen.
The gnoll hits you from afar with a +0 halberd!
The gnoll looks more healthy.
Your magical contamination has completely faded away.
Casting: Sting (safe; 6% risk of failure)
Confirm with . or Enter, or press ? or * to list all spells.
Aiming: Sting (safe; 6% risk of failure)
Press: ? - help, Shift-Dir - straight line, f/p - gnoll
Aim: a gnoll, wielding a +0 halberd (almost dead, 25% to evade)
You miscast Sting.
You are very lightly contaminated with residual magic.
Nothing appears to happen.
The gnoll hits you from afar with a +0 halberd!
Ouch! That really hurt!
You die...

..# ..# ..##### .
......###.. # ....#.....
.# #.#....... ###.
.....### #.. ###..# #
#.# #..# #...# #@# #..#
#..# #.# ...#.#####..#
#g# #.##........# #.# #.
####.#.#.# #.# #
#.#.#.## #K#####.#
#.#####.#....###..<.....
#...........!...........
#.#####†#....$..######..


You could see a gnoll and a kobold.

Vanquished Creatures
  A gnoll (D:3)
  An adder (D:2)
  An ooze (D:2)
  3 dart slugs
  A leopard gecko (D:1)
  3 orcs (D:3)
  10 bats
  2 giant cockroaches
  17 goblins
  6 hobgoblins
  4 jackals
  A quokka (D:2)
  4 frilled lizards (D:2)
  4 kobolds
  5 rats
63 creatures vanquished.

Notes
Turn   | Place    | Note
-------+----------+-------------------------------------------
     0 | D:1      | lastplaneout the Tengu Venom Mage began the quest for the
                  | Orb.
     0 | D:1      | Reached XP level 1. HP: 10/10 MP: 4/4
   359 | D:1      | Reached XP level 2. HP: 11/15 MP: 1/6
   951 | D:1      | Reached skill level 4 in Poison Magic
  1120 | D:1      | Reached XP level 3. HP: 18/19 MP: 5/7
  1699 | D:1      | Learned a level 2 spell: Poisonous Vapours
  1703 | D:1      | Learned a level 3 spell: Ignite Poison
  2175 | D:2      | Found a burning altar of Makhleb.
  2215 | D:2      | Found a bloodstained altar of Trog.
  2250 | D:2      | Reached XP level 4. HP: 15/24 MP: 1/8
  2727 | D:3      | Reached skill level 5 in Poison Magic
  3045 | D:3      | Slain by a gnoll

Illustrated notes

Levels and vault maps discovered:
D:1:      lemuel_arrival_cross, layout_basic
D:2:      layout_loops_cross, bloody_trog, nicolae_overflow_hidden_temple
D:3:      layout_loops_ring, minmay_cupped, uniq_crazy_yiuf_cottage

Skill      XL: |  1  2  3  4 |
---------------+-------------+-----
Poison Magic   | 4 5 |  5.3
Dodging        | |  2.1
Stealth        | |  2.0
Spellcasting   | |  2.0
Transmutations | |  0.7

Action                   |  1- 3 |  4- 6 || total
-------------------------+-------+-------++-------
Melee: Unarmed           |    37 |    16 ||    53
       Kick              |     8 |     3 ||    11
       Peck              |     5 |     1 ||     6
 Cast: Sting             |    64 |    38 ||   102
  Use: Scroll            |     1 |       ||     1
Armor: Robe              |    18 |     2 ||    20
Dodge: Dodged            |    50 |    28 ||    78
